 Dungeon Crawl Stone Soup version 0.22-a0-799-g88f5e907b7 (webtiles) character file.

18 Napalmbreeze the Cudgeler (level 2, 0/18 HPs)
             Began as a Gargoyle Gladiator on July 21, 2018.
             Slain by a goblin
             ... wielding a +0 club
              (2 damage)
             ... on level 1 of the Dungeon.
             The game lasted 00:03:57 (1193 turns).

Napalmbreeze the Cudgeler (Gargoyle Gladiator)      Turns: 1193, Time: 00:03:58

Health: 0/18       AC:  8    Str: 17    XL:     2   Next: 66%
Magic:  2/2        EV: 11    Int:  8    God:
Gold:   26         SH:  0    Dex: 11    Spells: 1/1 levels left

rFire    . . .     SeeInvis .   a - +0 flail
rCold    . . .     Gourm    .   (no shield)
rNeg     + . .     Faith    .   g - +0 ring mail
rPois    ∞         Spirit   .   c - +0 helmet
rElec    +         Reflect  .   (no cloak)
rCorr    .         Harm     .   (no gloves)
MR       .....                  (no boots)
Stlth    +.........             (no amulet)
HPRegen  0.06/turn              (no ring)
MPRegen  0.08/turn              (no ring)

@: no status effects
A: negative energy resistance 1, electricity resistance, unbreathing,
petrification resistance, rot immunity, AC +2
a: no special abilities


You were on level 1 of the Dungeon.
You were not hungry.

You visited 1 branch of the dungeon, and saw 2 of its levels.

You collected 26 gold pieces.

Inventory:

Hand Weapons
 a - a +0 flail (weapon)
Missiles
 d - 3 throwing nets (quivered)
Armour
 c - a +0 helmet (worn)
 g - a +0 ring mail (worn)
Scrolls
 h - 2 scrolls of amnesia {unknown}
 i - a scroll of teleportation {unknown}
 j - a scroll of identify {unknown}
Potions
 b - a potion of resistance {unknown}
 e - a potion of ambrosia {unknown}
 k - a potion of lignification {unknown}
Comestibles
 f - 3 rations
 l - a chunk of flesh


   Skills:
 + Level 2.5 Fighting
 * Level 3.4 Maces & Flails
 - Level 1.7 Throwing
 + Level 2.6 Dodging


You had one spell level left.
You didn't know any spells.
Your spell library was empty.

Dungeon Overview and Level Annotations

Branches:
Dungeon (2/15)

Altars:


Innate Abilities, Weirdness & Mutations

You are resistant to torment.
Your stone body is resilient. (AC +2)
You are immune to poison.
You resist negative energy. (rN+)
You are resistant to electric shocks. (rElec)
You can survive without breathing.
You are immune to petrification.
You are immune to rotting.


Message History

The adder bites you but does no damage. The adder bites you.
The goblin hits you but does no damage.
You miss the adder.
The adder is almost dead.
The adder bites you.
* * * LOW HITPOINT WARNING * * *
The goblin barely misses you. The adder bites you but does no damage.
You barely miss the adder.
The adder is almost dead.
The adder bites you but does no damage. The goblin closely misses you.
You barely miss the adder.
The adder is almost dead.
The adder bites you but does no damage. The goblin hits you but does no damage.
The adder bites you.
* * * LOW HITPOINT WARNING * * *
Unknown command.
You closely miss the adder.
The adder is almost dead.
The adder bites you but does no damage. The goblin hits you with a club.
You die...

#.# #.#......#.###.#...........
#.# #.###...##.# ##.....#.#....
#.# #.# #......# #......#.#....
#.# #.# #...#### #......#.#....
#.# ###.###...# #....#.#.#.#..
#.# #.........# #...##.#.#.##.
#.# #.#.......# #.....⌠#.#⌠...
#.# #.######'#######..#####.#####
#.# #.# #......@(.........<.....
..# #.# #......gS.#..#####.#####
..# #.####........##.....⌠#.#⌠...
..# #.............##...##.#.#.##.
..########........##....#.#.#.#..
........##........##......#.#....
..............######......#.#....
..................###..(..#.#....
..................##.#...........


You could see an adder and a goblin.

Vanquished Creatures
  3 dart slugs (D:1)
  2 bats (D:1)
  A goblin (D:1)
  A hobgoblin (D:1)
  A frilled lizard (D:1)
  2 kobolds (D:1)
  3 rats (D:1)
13 creatures vanquished.

Notes
Turn   | Place    | Note
-------+----------+-------------------------------------------
     0 | D:1      | Napalmbreeze the Gargoyle Gladiator began the quest for the Orb.
     0 | D:1      | Reached XP level 1. HP: 12/12 MP: 1/1
   311 | D:1      | Reached XP level 2. HP: 9/18 MP: 2/2
  1193 | D:1      | Slain by a goblin

Vault maps used:
D:1:      matt_arrival_grand_opening, serial_curves, eino_curves_02,
          eino_curves_03
D:2:      overflow_temple_1_default

Action                   || total
-------------------------++-------
Melee: Flail             ||    60
  Eat: Chunk             ||     1
Armor: Ring mail         ||    32
Dodge: Dodged            ||    43

Table legend:
 A = Spawn XP
 B = Non-spawn XP
 C = Spawn XP percentage of total XP
 D = Spawn monster count
 E = Non-spawn monster count
 F = Spawn count percentage of total count
 G = Total turns spent on level
                    A         B        C        D         E        F      G
               +---------+---------+-------+---------+---------+-------+---------
         Total |       0 |      26 |   0.0 |       0 |      13 |   0.0 |  1193
               +---------+---------+-------+---------+---------+-------+---------
           D:1 |       0 |      26 |   0.0 |       0 |      13 |   0.0 |  1183
               +---------+---------+-------+---------+---------+-------+---------
